 Dungeon Sprint DCSS version 0.18-a0-1267-gff090c1 (webtiles) character file.

444 pasperui the Tainter (level 7, -11/67 HPs)
             Began as a Naga Venom Mage on Feb 6, 2016.
             Was an Initiate of Makhleb.
             Mangled by a slime creature (20 damage)
             ... in the Dungeon (Sprint I: "Red Sonja").
             The game lasted 00:09:52 (1003 turns).

pasperui the Tainter (Naga Venom Mage)              Turns: 1003, Time: 00:09:52

Health: -11/67     AC:  5    Str: 17    XL:     7   Next: 3%
Magic:  2/18       EV: 10    Int: 17    God:    Makhleb [......]
Gold:   172        SH:  0    Dex: 11    Spells: 4 memorised, 10 levels left

rFire  . . .     SeeInvis +     l - +0 quarterstaff (curse)
rCold  . . .     Gourm    .     c - +2 robe of Deuluori {rPois MR+ Str+6}
rNeg   . . .     Faith    .     (shield currently unavailable)
rPois  +         Spirit   .     (no helmet)
rElec  .         Dismiss  .     (no cloak)
rCorr  .         Reflect  .     (no gloves)
SustAt .         Harm     .     (no barding)
MR     +....     NoTele   +     (no amulet)
Stlth  ++........               (no ring)
                                (no ring)

@: very slightly contaminated, hasted, quick, somewhat resistant to hostile
enchantments, unstealthy
A: see invisible, deformed body, poison resistance, slowness 2, slow metabolism
1, spit poison 2, AC +2
a: Spit Poison, Renounce Religion


You were in the Dungeon.
You worshipped Makhleb.
Makhleb was noncommittal.
You were not hungry.

You visited 1 branch You collected 297 gold pieces.
You spent 125 gold pieces at shops.

Inventory:

Hand Weapons
 k - a +0 scythe
 l - a cursed +0 quarterstaff (weapon)
Armour
 a - a +0 robe
 c - the +2 robe of Deuluori (worn) {rPois MR+ Str+6}
   (You bought it in a shop in the Dungeon)

   It affects your strength (+6).
   It protects you from poison.
   It affects your resistance to hostile enchantments.
Scrolls
 i - a scroll of blinking
Potions
 g - 2 potions of magic
 h - a potion of degeneration {unknown}
 j - a potion of lignification {unknown}
Books
 b - a Young Poisoner's Handbook

   Spells                             Type                      Level
   a - Sting                          Conjuration/Poison           1
   b - Cure Poison                    Poison                       2
   c - Mephitic Cloud                 Conjuration/Poison/Air       3
   d - Olgreb's Toxic Radiance        Poison                       4
   e - Venom Bolt                     Conjuration/Poison           5


   Skills:
 - Level 5.6 Fighting
 - Level 1.5 Dodging
 - Level 3.0 Stealth
 - Level 7.9 Spellcasting
 * Level 7.0 Conjurations
 - Level 1.1 Air Magic
 - Level 10.8 Poison Magic


You had 10 spell levels left.
You knew the following spells:

 Your Spells              Type           Power        Failure   Level  Hunger
a - Sting                 Conj/Pois      ####         1%          1    None
b - Cure Poison           Pois           #####.....   1%          2    None
c - Mephitic Cloud        Conj/Pois/Air  ####....     2%          3    #......
d - Venom Bolt            Conj/Pois      #####.....   10%         5    #####..


Dungeon Overview and Level Annotations

Branches:
Dungeon (1/1)

Altars:
Cheibriados
Dithmenos
Elyvilon
Fedhas
Gozag
Kikubaaqudgha
Makhleb
Nemelex Xobeh
Okawaru
Pakellas
Qazlal
Ru
Sif Muna
Trog
Vehumet
Xom
Yredelemnul
Zin
The Shining One
Jiyva

Shops:
D [


Innate Abilities, Weirdness & Mutations

You cannot wear boots.
Your serpentine skin is tough (AC +2).
You have supernaturally acute eyesight.
Armour fits poorly on your strangely shaped body.
Your system is resistant to poisons.
You cover ground very slowly.
You have a slow metabolism.
You can spit poison.


Message History

Unknown command.
You hit the slime creature.
The slime creature is moderately wounded.
You hit the slime creature.
The slime creature is moderately wounded.
The slime creature hits you.
You thump the slime creature!
The slime creature is heavily wounded.
The slime creature hits you!
You hit the slime creature.
The slime creature is heavily wounded.
The slime creature hits you!!
* * * LOW HITPOINT WARNING * * *
Unknown command.
Drink which item? (? for menu, Esc to quit)
You feel better. The slime creature misses you.
You sock the slime creature!
The slime creature is heavily wounded.
The slime creature hits you!!
You die...

################ ##
#<.#..@J.#..'..#__#
#..'..#..[..#).'..+
#..#####'#####'#__#
#..####..#...#.# ##
#..#__####..##[#
#..#_.___##'#..+
#⌠⌠#_.∩...'..._#
####_..._##_.#'#
#_____###+#.#


You could see a slime creature.

Vanquished Creatures
  Sigmund (D)
  A yak (D)
  An ogre (D)
  A jelly (D)
  Ijyb (D)
5 creatures vanquished.

Vanquished Creatures (others)
  A gargoyle (D)
1 creature vanquished.

Grand Total: 6 creatures vanquished

Notes
Turn   | Place    | Note
--------------------------------------------------------------
     0 | D        | pasperui the Naga Venom Mage began the quest for the Orb.
     0 | D        | Reached XP level 1. HP: 15/15 MP: 3/3
     2 | D        | Noticed Ijyb
    16 | D        | Killed Ijyb
    16 | D        | Reached skill level 5 in Fighting
    16 | D        | Reached XP level 2. HP: 14/32 MP: 0/5
    16 | D        | Reached XP level 3. HP: 17/39 MP: 0/6
   178 | D        | Noticed an ogre
   188 | D        | HP: 1/58 [ogre/giant club (19)]
   189 | D        | Killed an ogre
   189 | D        | Reached skill level 7 in Conjurations
   189 | D        | Reached XP level 4. HP: 1/46 MP: 0/7
   285 | D        | Killed a gargoyle
   471 | D        | Learned a level 2 spell: Cure Poison
   475 | D        | Learned a level 3 spell: Mephitic Cloud
   482 | D        | Noticed Sigmund
   499 | D        | Killed Sigmund
   499 | D        | Reached skill level 1 in Air Magic
   499 | D        | Reached XP level 5. HP: 54/54 MP: 1/15
   499 | D        | Reached XP level 6. HP: 61/61 MP: 1/16
   609 | D        | Found a deep blue altar of Sif Muna.
   611 | D        | Found a radiant altar of Vehumet.
   862 | D        | Found a snail-covered altar of Cheibriados.
   862 | D        | Found a viscous altar of Jiyva.
   862 | D        | Found a shadowy altar of Dithmenos.
   862 | D        | Found a blossoming altar of Fedhas.
   862 | D        | Noticed a slime creature
   870 | D        | Learned a level 5 spell: Venom Bolt
   876 | D        | Found Gubip's Antique Armour Emporium.
   876 | D        | Found a white marble altar of Elyvilon.
   876 | D        | Found a stormy altar of Qazlal.
   876 | D        | Found a burning altar of Makhleb.
   876 | D        | Found a sacrificial altar of Ru.
   876 | D        | Found an oddly glowing altar of Pakellas.
   876 | D        | Found a basalt altar of Yredelemnul.
   876 | D        | Found a glowing golden altar of the Shining One.
   876 | D        | Found a sparkling altar of Nemelex Xobeh.
   876 | D        | Found a shimmering altar of Xom.
   876 | D        | Found an opulent altar of Gozag.
   876 | D        | Found an ancient bone altar of Kikubaaqudgha.
   876 | D        | Found a glowing silver altar of Zin.
   876 | D        | Noticed a yak
   880 | D        | Killed a yak
   880 | D        | Reached skill level 10 in Poison Magic
   880 | D        | Reached XP level 7. HP: 67/67 MP: 3/18
   881 | D        | Found an iron altar of Okawaru.
   882 | D        | Found a bloodstained altar of Trog.
   887 | D        | Bought a smoking robe for 125 gold pieces
   897 | D        | Identified the +2 robe of Deuluori {rPois MR+ Str+6} (You bought it in a shop in the Dungeon)
   899 | D        | Became a worshipper of Makhleb the Destroyer
  1001 | D        | HP: 2/67 [slime creature (21)]
  1003 | D        | Mangled by a slime creature

Vault maps used:
D:        dungeon_sprint_1

Action                   |  1- 3 |  4- 6 |  7- 9 || total
-------------------------+-------+-------+-------++-------
Melee: Unarmed           |     4 |       |       ||     4
       Quarterstaff      |       |       |    13 ||    13
 Cast: Sting             |    10 |    16 |       ||    26
       Mephitic Cloud    |       |     2 |       ||     2
       Venom Bolt        |       |     1 |     5 ||     6
 Abil: Spit Poison       |     6 |     5 |       ||    11
  Use: Potion            |     1 |       |     3 ||     4
  Eat: Bread ration      |       |     1 |       ||     1
